 Dungeon Crawl Stone Soup version 0.31-a0-1074-g0b22e4e0f1 (webtiles) character file.

Game seed: 5185222991229327813

1689 Firecrotchwizard the Grappler (level 8, -1/68 (71) HPs)
             Began as a Yellow Draconian Shapeshifter on Dec 6, 2023.
             Slain by a wight
             ... wielding a +3 hand axe
              (10 damage)
             ... on level 6 of the Dungeon.
             The game lasted 00:10:38 (4956 turns).

Firecrotchwizard the Grappler (DrSh)                Turns: 4956, Time: 00:10:38

HP:   -1/68 (71)    AC:  6    Str: 18    XL:     8   Next: 72%
MP:   8/8           EV: 12    Int: 10    God:
Gold: 209           SH:  0    Dex: 18    Spells: 7/7 levels left

rFire   . .          .
                       - Unarmed
rCold   . . .        k - orb {light}
rNeg    . . .        (body armour unavailable)
rPois   .            (helmet currently unavailable)
rElec   .            (cloak currently unavailable)
rCorr   +            (gloves currently unavailable)
SInv    .            (boots currently unavailable)
Will    .....        (no amulet)
Stlth   +            r - +6 ring of dexterity
HPRegen 0.31/turn    (no ring)
MPRegen 0.11/turn

%: no passive effects
@: beast-form, glowing, lightly drained
A: beast (slay +2), spit acid, AC +6, unfitting armour, cold-blooded, acid
resistance
a: Breathe Acid, Begin Untransformation


You were on level 6 of the Dungeon.
You were a hulking beast.
You visited 1 branch of the dungeon, and saw 6 of its levels.

You collected 209 gold pieces.

Inventory:

Hand Weapons
 s - a +3 dagger of venom
Missiles
 g - a throwing net {@!f}
 h - 9 poisoned darts
Armour
 k - an orb of light (worn)
 q - a +2 hat
Jewellery
 r - a +6 ring of dexterity (left hand)
Talismans
 b - a beast talisman
 c - a flux talisman
Wands
 D - a wand of paralysis (12)
Scrolls
 d - a scroll of fear
 e - a scroll of vulnerability
 t - 4 scrolls of teleportation
 u - 2 scrolls of enchant armour
 w - 2 scrolls of enchant weapon
 x - a scroll of noise
 y - a scroll of silence
 A - a scroll of revelation
 B - a scroll of poison
Potions
 f - a potion of heal wounds {unknown}
 j - a potion of curing
 l - a potion of invisibility {unknown}
 n - a potion of enlightenment {unknown}
 p - a potion of attraction {unknown}
 v - a potion of brilliance {unknown}
 C - a potion of berserk rage {unknown}
 E - a potion of cancellation {unknown}


   Skills:
 + Level 6.6 Fighting
 - Level 1.7 Dodging
 * Level 9.1 Unarmed Combat
 + Level 4.5 Shapeshifting


You had 7 spell levels left.
You didn't know any spells.
Your spell library contained the following spells:

 Spells                   Type           Power      Damage    Failure   Level
 Blink                    Tloc           0%         N/A       50%         2
 Lesser Beckoning         Tloc           0%         N/A       50%         2
 Momentum Strike          Conj/Tloc      0%         3d8       50%         2


Dungeon Overview and Level Annotations

Branches:
Dungeon (6/15)
 Temple: D:4-7

Altars:
Sif Muna
Trog
Xom


Innate Abilities, Weirdness & Mutations

You are a hulking beast.
Your limbs bulge with bestial killing power. (Slay +2)
You can spit globs of acid.
Your golden yellow scales are hard. (AC +6)
You cannot fit into any form of body armour.
You are cold-blooded and may be slowed by cold attacks.
You are resistant to acid. (rCorr)


Message History

You continue putting on your orb of light.
Something hits you but does no damage.
You continue putting on your orb of light.
A sky beast appears from thin air!
Reactivating autopickup.
The sky beast barely misses you.
You continue putting on your orb of light.
The sky beast barely misses you.
You continue putting on your orb of light.
The sky beast misses you.
You finish putting on your orb of light.
You barely miss the sky beast.
The sky beast is heavily wounded.
The sky beast hits you. The sky beast shocks you.
You hit the sky beast.
The sky beast is heavily wounded.
You punch the sky beast! You tail-slap the sky beast.
The sky beast is almost dead.
The sky beast hits you. The sky beast shocks you.
You hit the sky beast.
You kill the sky beast!
No target in view!
You start resting.
HP restored.
You are illuminated by a small divine halo.
You are a hulking beast.
You are glowing.
Your movement speed is average.
Your attack delay is about 0.8.
Your damage rating with unarmed combat is about 16 (Base [3 + 8 (UC)] x 120% (Str) x 110% (Fight) + 2 (Slay)).
Your base attributes are Str 18, Int 10, Dex 12.
You see here a sky beast corpse.
A wight and a sleepcap come into view.
A wight comes into view. It is wielding a +1 mace.
Found a club.
The wight hits you with a +0 halberd.
You feel drained.
You punch the wight!
Your tail-slap misses the wight.
The wight is almost destroyed.
The wight barely misses you.
The wight hits you from afar with a +0 halberd.
You feel drained. The wight attacks as it pursues you!
The wight hits you from afar with a +0 halberd!
You feel drained. The wight hits you with a +0 halberd.
You feel drained.
You hit the wight.
You destroy the wight!
Your Unarmed Combat skill increases to level 9!
You punch the wight!
The wight is heavily damaged.
The wight closely misses you.
You hit the wight but do no damage.
Your tail-slap misses the wight.
The wight is heavily damaged.
The sleepcap closely misses you. The wight barely misses you.
You hit the wight.
You destroy the wight!
The sleepcap releases spores at you.
You are engulfed in a cloud of soporific spores!
You fall asleep.
The sleepcap releases spores at you!
You wake up.
* * * LOW HITPOINT WARNING * * *
You are engulfed in a cloud of soporific spores!
You are unaffected.
The wight misses you.
You hit the sleepcap.
The sleepcap is lightly damaged.
The sleepcap barely misses you.
You punch the sleepcap! You tail-slap the sleepcap.
The sleepcap is severely damaged.
The sleepcap barely misses you.
You punch the sleepcap!
You destroy the sleepcap!
The wight barely misses you. The wight hits you with a +1 mace.
* * * LOW HITPOINT WARNING * * *
You hit the sleepcap. You tail-slap the sleepcap.
The sleepcap is moderately damaged.
The wight hits you with a +3 hand axe!
* * * LOW HITPOINT WARNING * * *
The wight closely misses you.
You hit the sleepcap but do no damage.
The sleepcap is moderately damaged.
The sleepcap closely misses you. The wight hits you with a +3 hand axe.
* * * LOW HITPOINT WARNING * * *
The wight misses you.
You punch the sleepcap!
The sleepcap is heavily damaged.
The sleepcap misses you.
Unknown command.
You punch the sleepcap!
The sleepcap is almost destroyed.
The wight closely misses you. The wight hits you with a +1 mace.
* * * LOW HITPOINT WARNING * * *
You feel drained. The sleepcap releases spores at you.
* * * LOW HITPOINT WARNING * * *
You punch the sleepcap!
You destroy the sleepcap!
The wight hits you with a +3 hand axe.
* * * LOW HITPOINT WARNING * * *
You feel drained.
* * * LOW HITPOINT WARNING * * *
The wight hits you with a +1 mace.
* * * LOW HITPOINT WARNING * * *
You feel better. The wight hits you with a +3 hand axe!
You die...

##........
#.........
##.........
##..........
##..........)
##.....z......
##..#..........
##.z##..........
##.hz##..........
#...####.....^...
##..## ##........
##...# ######
#...## ##...#
#....# #...†##
#.....##


You could see 2 wights.

Vanquished Creatures
  Grinder (D:5)
  Menkaure (D:4)
  Edmund (D:4)
  2 water moccasins
  A sky beast (D:6)
  A black bear (D:6)
  An ogre (D:5)
  2 phantoms
  A scorpion (D:4)
  2 wights (D:6)
  A jelly (D:5)
  2 orc priests (D:4)
  A hound (D:4)
  3 iguanas
  2 orc wizards (D:4)
  2 sleepcaps (D:6)
  Robin (D:2)
  7 adders
  2 dart slugs (D:5)
  21 orcs
  7 ball pythons
  4 endoplasms
  2 giant cockroaches
  15 goblins
  8 hobgoblins
  9 kobolds
  8 quokkas
  4 bats
  2 frilled lizards (D:2)
  8 rats
122 creatures vanquished.

Notes
Turn   | Place    | Note
-------+----------+-------------------------------------------
     0 | D:1      | Firecrotchwizard the Draconian Shapeshifter began the quest
                  | for the Orb.
     0 | D:1      | Reached XP level 1. HP: 16/16 MP: 1/1
   266 | D:1      | Reached XP level 2. HP: 21/23 MP: 2/2
   399 | D:1      | Found a faded altar of an unknown god.
   742 | D:2      | Reached XP level 3. HP: 23/29 MP: 3/3
   775 | D:2      | Found a shimmering blue altar of Sif Muna.
   796 | D:2      | Reached skill level 4 in Unarmed Combat
  1126 | D:2      | Reached XP level 4. HP: 34/37 MP: 4/4
  1163 | D:2      | Noticed Robin
  1172 | D:2      | Killed Robin
  1834 | D:3      | Found a shimmering blue altar of Sif Muna.
  2031 | D:4      | Noticed Menkaure
  2037 | D:4      | HP: 1/37 [Menkaure (2)]
  2039 | D:4      | Killed Menkaure
  2040 | D:4      | Reached skill level 5 in Unarmed Combat
  2040 | D:4      | Reached XP level 5. HP: 2/45 MP: 5/5
  2528 | D:4      | Reached XP level 6. HP: 34/52 MP: 6/6
  2622 | D:4      | Reached skill level 6 in Unarmed Combat
  2695 | D:4      | Identified the +0 chain mail of the Modern Tables {rPois
                  | Dex+2}
  2969 | D:4      | Noticed Edmund
  2992 | D:4      | Killed Edmund
  2993 | D:4      | Your scales start taking on a golden yellow colour.
  2993 | D:4      | Reached XP level 7. HP: 22/60 MP: 7/7
  2993 | D:4      | Gained mutation: You are resistant to acid. (rCorr) [Yellow
                  | Draconian growth]
  2994 | D:4      | Reached skill level 5 in Fighting
  2994 | D:4      | Reached skill level 7 in Unarmed Combat
  3499 | D:5      | Entered Level 5 of the Dungeon
  3617 | D:5      | Found a shimmering altar of Xom.
  3665 | D:5      | Noticed Grinder
  3671 | D:5      | Killed Grinder
  3672 | D:5      | Reached skill level 8 in Unarmed Combat
  3672 | D:5      | Reached XP level 8. HP: 39/70 MP: 8/8
  4336 | D:5      | Found a bloodstained altar of Trog.
  4944 | D:6      | Reached skill level 9 in Unarmed Combat
  4955 | D:6      | HP: 1/67 [wight/+1 mace (6)]
  4956 | D:6      | Slain by a wight

Illustrated notes

Levels and vault maps discovered:
D:1:      minmay_arrival_wavy_path, layout_basic,
          dreamdust_ecumenical_altar_statues
D:2:      minmay_evil_eye, layout_rooms, basic_altar, uniq_robin
D:3:      layout_basic, lemuel_blue_sif_altar, chequers_decorated_corner
D:4:      layout_basic, nicolae_hepliaklqana_monster_ancestors,
          kennysheep_doodads, uniq_menkaure, uniq_edmund
D:5:      layout_loops_ring, kennysheep_mini, xom_teletrap_fun, uniq_grinder
D:6:      layout_layer_cave, lemuel_mausoleum_altar_yredelemnul,
          mainiacjoe_overflow_boulevard, minmay_temple_entry_nine_rooms

Skill      XL: |  1  2  3  4  5  6  7  8 |
---------------+-------------------------+-----
Fighting       | 2 3 4 5 6 |  6.6
Unarmed Combat | 4 5 6 8 9 |  9.1
Shapeshifting  | 4 |  4.5
Dodging        | |  1.7

Action                     |  1- 3 |  4- 6 |  7- 9 || total
---------------------------+-------+-------+-------++-------
  Melee: Unarmed           |    63 |       |    90 ||   153
         Punch             |     3 |     8 |     6 ||    17
         Tailslap          |    11 |    21 |    15 ||    47
         Dagger            |    42 |   120 |    10 ||   172
         Whip              |       |     6 |       ||     6
  Throw: Dart              |       |     2 |       ||     2
Ability: Breathe Acid      |       |       |     2 ||     2
    Use: Potion            |       |     1 |     1 ||     2
         Scroll            |       |       |    13 ||    13
   Stab: Sleeping          |     1 |     1 |       ||     2
 Armour: Skin              |    43 |    83 |    44 ||   170
  Dodge: Dodged            |    51 |    71 |    53 ||   175

Table legend: (Time is in decaauts)
 A = Elapsed time spent in this place.
 B = Non-inter-level travel time spent in this place.
 C = Inter-level travel time spent in this place.
 D = Time resting spent in this place.
 E = Time spent auto-exploring this place.
 F = Levels seen in this place.
 G = Mean time per level.
                   A        B        C        D        E       F      G
               +--------+--------+--------+--------+--------+-----+--------+
         Total |   4935 |   4771 |    164 |    976 |   3056 |   6 |  822.5 |
       Dungeon |   4935 |   4771 |    164 |    976 |   3056 |   6 |  822.5 |
               +--------+--------+--------+--------+--------+-----+--------+

Top non-repeatable levels by time:
     D:4: 1488 daAuts
     D:5: 882 daAuts
     D:3: 762 daAuts
     D:1: 694 daAuts
     D:6: 562 daAuts
     D:2: 545 daAuts
